 Dungeon Crawl Stone Soup version 0.20.1-1-g8b1a95d (console) character file.

78 hilaritas the Digger (level 4, -3/24 HPs)
             Began as a Deep Elf Earth Elementalist on Sept 10, 2017.
             Slain by Sigmund
             ... wielding a +0 scythe
              (13 damage)
             ... on level 2 of the Dungeon.
             The game lasted 00:04:38 (1315 turns).

hilaritas the Digger (Deep Elf Earth Elementalist)  Turns: 1315, Time: 00:04:38

Health: -3/24      AC:  4    Str:  6    XL:     4   Next: 15%
Magic:  17/19      EV: 13    Int: 20    God:
Gold:   83         SH:  0    Dex: 15    Spells: 5/9 levels left

rFire    . . .     SeeInvis .   h - +4 dagger (protect)
rCold    . . .     Gourm    .   (no shield)
rNeg     . . .     Faith    .   c - +0 robe
rPois    .         Spirit   .   (no helmet)
rElec    .         Reflect  .   (no cloak)
rCorr    .         Harm     .   j - +1 pair of gloves
MR       .....                  (no boots)
Stlth    ++........             k - amulet of inaccuracy (curse)
Regen    0.1/turn               f - ring of magical power
MPRegen  0.2/turn               (no ring)

@: very slightly contaminated
A: no striking features
a: no special abilities


You were on level 2 of the Dungeon.
You were not hungry.

You visited 1 branch of the dungeon, and saw 2 of its levels.

You collected 83 gold pieces.

Inventory:

Hand Weapons
 h - a +4 dagger of protection (weapon)
Missiles
 a - 23 arrows
 b - 15 stones (quivered)
Armour
 c - a +0 robe (worn)
 j - a +1 pair of gloves (worn)
Jewellery
 f - a ring of magical power (left hand)
 g - an uncursed amulet of regeneration {unknown}
 k - a cursed amulet of inaccuracy (around neck)
Scrolls
 m - a scroll of identify
Potions
 i - a potion of invisibility
 l - a potion of flight {unknown}
 o - 2 potions of magic {unknown}
 p - a potion of curing {unknown}
Books
 e - a book of Geomancy

   Spells                             Type                      Level
   a - Sandblast                      Earth                        1
   b - Passwall                       Transmutation/Earth          2
   c - Stone Arrow                    Conjuration/Earth            3
   d - Petrify                        Transmutation/Earth          4
   e - Lee's Rapid Deconstruction     Earth                        5
Comestibles
 d - a bread ration
 n - a meat ration


   Skills:
 - Level 0.2 Short Blades
 - Level 2.4 Dodging
 - Level 2.4 Stealth
 - Level 3.0 Spellcasting
 * Level 1.9 Conjurations
   Level 1.1 Transmutations
 - Level 5.0 Earth Magic


You had 5 spell levels left.
You knew the following spells:

 Your Spells              Type           Power        Failure   Level  Hunger
a - Sandblast             Erth           ###...       1%          1    None
b - Stone Arrow           Conj/Erth      ###...       11%         3    ###....


Dungeon Overview and Level Annotations

Branches:
Dungeon (2/15)

Altars:

Annotations:
D:2 Natasha, Sigmund


Message History

m - a scroll of identify
p - a sapphire potion Sigmund and Natasha come into view.
Found a leather armour.
Casting: Stone Arrow
Confirm with . or Enter, or press ? or * to list all spells.
Aiming: Stone Arrow
Press: ? - help, Shift-Dir - straight line, f - Sigmund
Aim: Sigmund, wielding a scythe and wearing a robe You miscast Stone Arrow.
You are very lightly contaminated with residual magic.
Nothing appears to happen.
Sigmund points at you and mumbles some strange words.
The puff of flame hits you!
Sigmund screams, "Don't try to resist!"
Sigmund casts a spell at you. The puff of flame hits you!
Sigmund hits you from afar with a scythe!
Ouch! That really hurt!
You die...

....... ....... ......h
....... .....[. .......
.......#####################
#...@.@................
#.##################### #.
#. #. #. #. #.


You could see Sigmund.

Vanquished Creatures
  6 oozes (D:1)
  2 worms (D:1)
  A dart slug (D:1)
  5 giant cockroaches
  6 goblins (D:1)
  A hobgoblin (D:1)
  7 jackals (D:1)
  4 kobolds
  5 bats
  A frilled lizard (D:2)
  6 rats
44 creatures vanquished.

Notes
Turn   | Place    | Note
-------+----------+-------------------------------------------
     0 | D:1      | hilaritas the Deep Elf Earth Elementalist began the quest for the Orb.
     0 | D:1      | Reached XP level 1. HP: 10/10 MP: 6/6
     1 | D:1      | Found a runed door.
   351 | D:1      | Reached XP level 2. HP: 15/15 MP: 8/8
   364 | D:1      | Reached skill level 4 in Earth Magic
   812 | D:1      | Reached XP level 3. HP: 16/19 MP: 9/9
   888 | D:1      | Reached skill level 5 in Earth Magic
   909 | D:1      | Learned a level 3 spell: Stone Arrow
   963 | D:1      | Reached skill level 1 in Conjurations
   998 | D:1      | Reached XP level 4. HP: 24/24 MP: 10/10
  1304 | D:2      | Noticed Natasha
  1304 | D:2      | Noticed Sigmund
  1315 | D:2      | Slain by Sigmund

Skill      XL: |  1  2  3 |
---------------+----------+-----
Earth Magic    | 4 5 |  5.0
Conjurations   | 1 |  1.9
Short Blades   | |  0.2
Dodging        | |  2.4
Stealth        | |  2.4
Spellcasting   | |  3.0
Transmutations | |  1.1

Action                   |  1- 3 |  4- 6 || total
-------------------------+-------+-------++-------
Melee: Unarmed           |     5 |       ||     5
       Dagger            |    30 |     1 ||    31
 Cast: Sandblast         |    47 |     8 ||    55
       Stone Arrow       |       |     2 ||     2
  Use: Scroll            |     5 |       ||     5
  Eat: Chunk             |       |     1 ||     1
Armor: Robe              |    14 |       ||    14
Dodge: Dodged            |    37 |     1 ||    38
